 Dungeon Crawl Stone Soup version 0.29.1-1-gd02db6906a (webtiles) character file.

Game seed: 4773478399677336638

3932 xian the Cleaver (level 10, -3/83 (88) HPs)
             Began as a Hill Orc Fighter on Oct 15, 2022.
             Was a Follower of Beogh.
             Slain by a two-headed ogre
             ... wielding a +0 dire flail
              (14 damage)
             ... on level 8 of the Dungeon.
             The game lasted 00:20:18 (8379 turns).

xian the Cleaver (Hill Orc Fighter)                 Turns: 8379, Time: 00:20:19

HP:   -3/83 (88)    AC:  8    Str: 24    XL:     10   Next: 21%
MP:   10/10         EV: 15    Int: 11    God:    Beogh [*.....]
Gold: 362           SH:  5    Dex: 18    Spells: 9/9 levels left

rFire   . . .      SeeInvis +   F - +5 sling "Efofisaa" {speed, Will+ Dex+3}
rCold   . . .      Faith    .   c - +0 buckler
rNeg    . . .      Spirit   .   q - +0 robe of Resilience {rCorr Int+3 Dex+5 SInv}
rPois   .          Reflect  .   y - +2 helmet
rElec   .          Harm     .   (no cloak)
rCorr   +          Rampage  .   d - +0 pair of gloves
Will    +....                   r - +0 pair of boots
Stlth   ++........              (no amulet)
HPRegen 0.23/turn               l - +4 ring of evasion
MPRegen 0.12/turn               v - ring of flight

@: about to teleport, flying, drained
A: no striking features
a: Renounce Religion


You were on level 8 of the Dungeon.
You worshipped Beogh.
Beogh was aware of your devotion.
You visited 1 branch of the dungeon, and saw 8 of its levels.

You collected 362 gold pieces.

Inventory:

Hand Weapons
 g - a +2 hand axe of electrocution
 j - a +1 whip of distortion
 B - a +2 shortbow of freezing
 F - the +5 sling "Efofisaa" (weapon) {speed, Will+ Dex+3}
   (You found it on level 8 of the Dungeon)

   Attacks with this weapon are significantly faster.
   Dex:       It affects your dexterity (+3).
   Will:      It increases your willpower.
Armour
 c - a +0 buckler (worn)
 d - a +0 pair of gloves (worn)
 q - the +0 robe of Resilience (worn) {rCorr Int+3 Dex+5 SInv}
   (You found it on level 2 of the Dungeon)

   Int:       It affects your intelligence (+3).
   Dex:       It affects your dexterity (+5).
   SInv:      It lets you see invisible.
   rCorr:     It protects you from acid and corrosion.
 r - a +0 pair of boots (worn)
 y - a +2 helmet (worn)
 z - +0 gold dragon scales
Magical Staves
 w - a staff of poison
Jewellery
 l - a +4 ring of evasion (left hand)
 v - a ring of flight (right hand)
 D - a ring of willpower
Wands
 C - a wand of quicksilver (8)
Scrolls
 e - 2 scrolls of enchant armour
 h - a scroll of poison
 k - 2 scrolls of amnesia {unknown}
 n - 2 scrolls of vulnerability
 u - 2 scrolls of teleportation
 x - 2 scrolls of magic mapping
Potions
 a - a potion of flight {unknown}
 b - a potion of ambrosia {unknown}
 i - 2 potions of haste
 m - 2 potions of heal wounds
 o - a potion of attraction {unknown}
 s - a potion of might
 t - 4 potions of brilliance
 A - a potion of curing
 E - 2 potions of degeneration {unknown}


   Skills:
 + Level 7.7(3.8) Fighting
 + Level 11.9(7.9) Axes
 + Level 0.5(0.2) Ranged Weapons
 + Level 3.5(1.7) Throwing
 + Level 8.8(4.8) Armour
 + Level 1.1(0.5) Dodging
 + Level 0.2(0.1) Stealth
 + Level 5.9(2.9) Shields


You had 9 spell levels left.
You didn't know any spells.
Your spell library contained the following spells:

 Spells                   Type           Power      Damage    Failure   Level
 Magic Dart               Conj           0%         1d3       43%         1
 Summon Small Mammal      Summ           0%         N/A       43%         1
 Blink                    Tloc           0%         N/A       56%         2
 Ensorcelled Hibernation  Hex/Ice        0%         N/A       56%         2
 Searing Ray              Conj           0%         2d4       56%         2
 Call Canine Familiar     Summ           0%         N/A       80%         3
 Ozocubu's Armour         Ice            0%         N/A       80%         3
 Spider Form              Tmut/Pois      0%         N/A       80%         3
 Summon Guardian Golem    Hex/Summ       0%         N/A       80%         3
 Anguish                  Hex/Necr       0%         N/A       99%         4
 Fulminant Prism          Conj/Hex       0%         3d6       99%         4
 Hailstorm                Conj/Ice       0%         3d3       99%         4
 Ice Form                 Ice/Tmut       0%         N/A       99%         4
 Manifold Assault         Tloc           0%         N/A       100%        5
 Simulacrum               Ice/Necr       0%         N/A       100%        6
 Ozocubu's Refrigeration  Ice            0%         4d7       100%        7
 Storm Form               Tmut/Air       0%         N/A       100%        7


Dungeon Overview and Level Annotations

Branches:
Dungeon (8/15)             Temple (0/1) D:7
   Lair: D:8-11

Altars:
Ashenzari
Fedhas
Hepliaklqana
Vehumet
Wu Jian
Yredelemnul


Message History

A bullfrog comes into view.
The bullfrog gives a loud, deep croak!
Found a long sword.
You see here a poisoned dart.
You see here a poisoned dart.
The bullfrog hits you. The bullfrog barely misses you.
You see here a poisoned dart.
You barely miss the bullfrog.
The bullfrog hits you but does no damage.
You block the bullfrog's attack.
You closely miss the bullfrog. The bullfrog misses you.
You barely miss the bullfrog. The bullfrog misses you.
You block the bullfrog's attack.
You closely miss the bullfrog. The bullfrog closely misses you.
You hit the bullfrog.
The bullfrog is moderately wounded.
The bullfrog barely misses you.
You hit the bullfrog.
The bullfrog is heavily wounded.
The bullfrog hits you. You block the bullfrog's attack.
You slash the bullfrog!
You kill the bullfrog!
Beogh accepts your kill.
A two-headed ogre comes into view.
It is wielding a +0 dire flail and a +0 giant club.
The two-headed ogre shouts in stereo!
You see here a poisoned dart.
Your +2 hand axe of electrocution stops crackling.
You feel agile.
Your hands tingle!
F - the +5 sling "Efofisaa" (weapon)
{speed, Will+ Dex+3} You shoot a sling bullet.
The sling bullet hits the two-headed ogre.
The two-headed ogre is lightly wounded.
The two-headed ogre hits you with a +0 dire flail!!
The two-headed ogre hits you with a +0 giant club!!
* * * LOW HITPOINT WARNING * * *
As you read the scroll of teleportation, it crumbles to dust.
You feel strangely unstable.
The two-headed ogre hits you with a +0 dire flail!
You die...

##...... #......
#......
###########......
#.........)######
##..........# #
#.#######...## ###
#.#.....#....###..
#@#.#.#.#........#
#O..#.#......#..##
#.#.#.#.#..#.#.###
#.#.....#....#....
#.#######.........
#...........##.##<
#....####......##.
####.#########....
#.........)....


You could see a two-headed ogre.

Vanquished Creatures
  A manticore (D:8)
  Sigmund (D:2)
  Menkaure (D:5)
  4 water moccasins
  An ice beast (D:7)
  An orc warrior (D:8)
  3 ogres (D:5)
  A black bear (D:2)
  A centaur (D:5)
  3 phantoms (D:5)
  3 bullfrogs (D:8)
  A necrophage (D:5)
  A scorpion (D:5)
  16 wights
  2 howler monkeys
  4 jellies
  An orc priest (D:6)
  4 hounds
  5 orc wizards
  5 iguanas
  10 gnolls
  7 adders
  A shadow imp (D:7)
  A white imp (D:7)
  26 orcs
  7 endoplasms
  2 giant cockroaches
  9 goblins
  8 hobgoblins
  4 jackals (D:2)
  4 quokkas
  3 ball pythons
  6 bats
  3 frilled lizards
  5 kobolds
  3 rats
  A spectral orc (D:7)
159 creatures vanquished.

Vanquished Creatures (others)
  A centaur (D:6)
  An orc priest (D:6)
  An orc wizard (D:6)
  2 orcs (D:6)
  A fungus (D:3)
  2 plants (D:3)
8 creatures vanquished.

Grand Total: 167 creatures vanquished

Notes
Turn   | Place    | Note
-------+----------+-------------------------------------------
     0 | D:1      | xian the Hill Orc Fighter began the quest for the Orb.
     0 | D:1      | Reached XP level 1. HP: 19/19 MP: 1/1
    98 | D:1      | Reached XP level 2. HP: 22/27 MP: 2/2
   469 | D:1      | Reached skill level 3 in Axes
   807 | D:2      | Noticed Sigmund
   822 | D:1      | Reached XP level 3. HP: 17/33 MP: 3/3
   994 | D:2      | Noticed a black bear
  1009 | D:2      | Killed a black bear
  1010 | D:2      | Reached skill level 4 in Axes
  1010 | D:2      | Reached XP level 4. HP: 13/41 MP: 4/4
  1010 | D:2      | Reached XP level 5. HP: 15/47 MP: 5/5
  1337 | D:2      | Killed Sigmund
  1338 | D:2      | Reached skill level 5 in Axes
  1338 | D:2      | Reached skill level 1 in Throwing
  1338 | D:2      | Reached XP level 6. HP: 32/55 MP: 6/6
  1594 | D:2      | Identified the +0 robe of Resilience {rCorr Int+3 Dex+5
                  | SInv}
  1793 | D:2      | Found a hazy altar of Hepliaklqana.
  2038 | D:2      | Reached skill level 1 in Dodging
  2394 | D:3      | Found a blossoming altar of Fedhas.
  2509 | D:3      | Found a faded altar of an unknown god.
  3166 | D:4      | Reached skill level 6 in Axes
  3332 | D:4      | Reached XP level 7. HP: 52/60 MP: 7/7
  3929 | D:5      | Entered Level 5 of the Dungeon
  4067 | D:5      | Reached skill level 5 in Fighting
  4067 | D:5      | Reached skill level 7 in Axes
  4163 | D:5      | Reached skill level 8 in Axes
  4163 | D:5      | Reached skill level 5 in Armour
  4163 | D:5      | Reached XP level 8. HP: 47/68 MP: 8/8
  4265 | D:5      | Noticed Menkaure
  4274 | D:5      | Killed Menkaure
  4457 | D:5      | Reached skill level 9 in Axes
  4487 | D:5      | Reached skill level 10 in Axes
  4492 | D:5      | HP: 2/70 [orc/+0 flail (3)]
  4826 | D:5      | Reached XP level 9. HP: 51/75 MP: 9/9
  5037 | D:5      | Reached skill level 5 in Shields
  5797 | D:6      | Found a broken altar of Ashenzari.
  5810 | D:6      | Became a worshipper of Ashenzari the Shackled
  5999 | D:6      | Reached skill level 11 in Axes
  6036 | D:6      | Fell from the grace of Ashenzari
  6036 | D:6      | Became a worshipper of Beogh the Brigand
  6262 | D:6      | Found an ornate altar of the Wu Jian Council.
  6870 | D:7      | Found a radiant altar of Vehumet.
  7504 | D:7      | Found a basalt altar of Yredelemnul.
  7659 | D:7      | Found a staircase to the Ecumenical Temple.
  7837 | D:8      | Noticed a manticore
  7857 | D:8      | Killed a manticore
  7863 | D:8      | Reached * piety under Beogh
  7864 | D:8      | Reached XP level 10. HP: 46/85 MP: 10/10
  8280 | D:8      | Identified the +5 sling "Efofisaa" {speed, Will+ Dex+3}
  8357 | D:8      | Noticed a two-headed ogre
  8379 | D:8      | Slain by a two-headed ogre

Illustrated notes

Levels and vault maps discovered:
D:1:      dpeg_arrival_long_road, layout_loops_ring, minmay_misc_feat_alley,
          st_stairs_7
D:2:      layout_rooms, basic_altar, uniq_sigmund
D:3:      layout_basic, mainiacjoe_overflow_six_doors_small,
          shapermc_ecumenical_altar_petra, minmay_hedge_maze
D:4:      layout_loops_corners
D:5:      cheibrodos_fzero, layout_loops_ring, uniq_menkaure
D:6:      layout_rooms, nicolae_ashenzari_skybound,
          mainiacjoe_overflow_small_starburst, grunt_ministairs_3,
          nicolae_fountain_basement
D:7:      layout_loops_ring, yredelemnul_forgotten_temple_becter,
          kennysheep_mini, minmay_temple_entry_nine_rooms
D:8:      layout_rooms, nzn_overflow_gifts_of_might_and_magic, minmay_checkerbox

Skill      XL: |  1  2  3  4  5  6  7  8  9 |
---------------+----------------------------+-----
Axes           | 3 4 5 6 8 10 11 | 11.9
Fighting       | 4 5 6 7 |  7.7
Shields        | 4 5 |  5.9
Throwing       | 1 2 3 |  3.5
Armour         | 4 5 8 |  8.8
Dodging        | 1 |  1.1
Ranged Weapons | |  0.5
Stealth        | |  0.2

Action                   |  1- 3 |  4- 6 |  7- 9 | 10-12 || total
-------------------------+-------+-------+-------+-------++-------
Melee: War axe           |    63 |   126 |   178 |       ||   367
       Hand axe          |       |       |   130 |    41 ||   171
 Fire: Sling             |       |       |       |    13 ||    13
Throw: Stone             |    14 |       |       |       ||    14
       Dart              |     8 |    14 |    21 |     8 ||    51
Invok: Convert to Beogh  |       |       |     1 |       ||     1
Evoke: Wand              |       |       |       |     1 ||     1
  Use: Potion            |     1 |       |     4 |     1 ||     6
       Scroll            |       |       |    10 |     1 ||    11
Armor: Scale mail        |    48 |    28 |       |       ||    76
       Gold dragon scale |       |    25 |   233 |    18 ||   276
       Chain mail        |       |    25 |       |       ||    25
       Robe              |       |       |       |     7 ||     7
Dodge: Dodged            |    44 |    84 |   128 |    28 ||   284
Block: Buckler           |    18 |    33 |    73 |    14 ||   138
